 Dungeon Crawl Stone Soup version 0.18-a0-1778-gadce9fa (webtiles) character file.

112 Zhenya25pyc the Skirmisher (level 4, -3/29 HPs)
             Began as a Gargoyle Fighter on Apr 16, 2016.
             Slain by Robin
             ... wielding a +1 spear of flaming
              (4 damage)
             ... on level 2 of the Dungeon.
             The game lasted 00:02:26 (1245 turns).

Zhenya25pyc the Skirmisher (Gargoyle Fighter)       Turns: 1245, Time: 00:02:26

Health: -3/29      AC: 10    Str: 21    XL:     4   Next: 95%
Magic:  4/4        EV:  7    Int:  8    God:
Gold:   76         SH:  9    Dex:  9    Spells: 0 memorised, 3 levels left

rFire  . . .     SeeInvis .     a - +0 flail
rCold  . . .     Gourm    .     b - +0 scale mail
rNeg   + . .     Faith    .     c - +0 shield
rPois  ∞         Spirit   .     (no helmet)
rElec  +         Dismiss  .     (no cloak)
rCorr  .         Reflect  .     (no gloves)
SustAt .         Harm     .     (no boots)
MR     .....                    (no amulet)
Stlth  ..........               (no ring)
                                (no ring)

@: not resistant to hostile enchantments, extremely unstealthy
A: negative energy resistance 1, electricity resistance, unbreathing,
petrification resistance, rot immunity, AC +3
a: no special abilities


You were on level 2 of the Dungeon.
You were hungry.

You visited 1 branch of the dungeon, and saw 2 of its levels.

You collected 76 gold pieces.

Inventory:

Hand Weapons
 a - a +0 flail (weapon)
Armour
 b - a +0 scale mail (worn)
 c - a +0 shield (worn)
Scrolls
 e - 4 scrolls of teleportation {unknown}
 g - a scroll of identify {unknown}
 j - 2 scrolls of amnesia {unknown}
 o - a scroll of recharging {unknown}
Potions
 d - a potion of might
 h - 2 potions of brilliance {unknown}
 i - a potion of cancellation {unknown}
 k - 3 potions of curing {unknown}
 l - 2 potions of lignification {unknown}
 n - a potion of mutation {unknown}
Comestibles
 f - 3 bread rations
 m - a meat ration


   Skills:
 + Level 4.1 Fighting
 * Level 3.8 Maces & Flails
 + Level 4.0 Armour
 - Level 3.2 Shields


You had 3 spell levels left.
You didn't know any spells.

Dungeon Overview and Level Annotations

Branches:
Dungeon (2/15)

Altars:

Annotations:
D:2 Robin


Innate Abilities, Weirdness & Mutations

You are resistant to torment.
Your stone body is resilient (AC +3).
You are immune to poison.
You resist negative energy.
You are resistant to electric shocks.
You can survive without breathing.
You are immune to petrification.
You are immune to rotting.


Message History

The adder bites you but does no damage. Robin hits you but does no damage.
The hobgoblin hits you but does no damage.
You block the adder's attack.
The hobgoblin hits you but does no damage.
You closely miss the hobgoblin.
The hobgoblin is almost dead.
The adder bites you.
* * * LOW HITPOINT WARNING * * *
Robin closely misses you. You block the hobgoblin's attack.
The hobgoblin hits you but does no damage.
You block the adder's attack.
You sock the hobgoblin!
You kill the hobgoblin!
Robin hits you but does no damage. The hobgoblin completely misses you.
You block the adder's attack. You block Robin's attack.
You miss the adder.
The hobgoblin no longer looks unusually strong.
The adder bites you but does no damage.
Robin hits you from afar with a spear of flaming.
You die...

#.... ...# ##.## ...###
#.# ..... #.# #. #!..#
#.# .####. ....# ###'##
...... .g..# #.....
#...##....# #.....
#...)@g...# #.....
#...))S...## #.....
#..........######.....
#.......#.............
#.......#..#######....
##.....................
#......................
#...##.#...#....###.###
.....+......#.# #.#


You could see Robin, an adder and a hobgoblin.

Vanquished Creatures
  Natasha (twice) (D:2)
  An adder (D:2)
  2 worms (D:2)
  A dart slug (D:2)
  A giant gecko (D:1)
  4 bats
  11 goblins
  6 hobgoblins
  5 giant newts (D:1)
  8 kobolds
  4 rats
45 creatures vanquished.

Notes
Turn   | Place    | Note
--------------------------------------------------------------
     0 | D:1      | Zhenya25pyc the Gargoyle Fighter began the quest for the Orb.
     0 | D:1      | Reached XP level 1. HP: 14/14 MP: 1/1
   149 | D:1      | Reached XP level 2. HP: 16/19 MP: 2/2
   435 | D:1      | Reached XP level 3. HP: 24/24 MP: 3/3
   819 | D:2      | Noticed Natasha
   830 | D:2      | Killed Natasha
   830 | D:2      | Reached XP level 4. HP: 29/29 MP: 4/4
  1199 | D:2      | Noticed Natasha
  1208 | D:2      | Killed Natasha
  1218 | D:2      | Noticed Robin
  1243 | D:2      | HP: 1/29 [adder (3)]
  1245 | D:2      | Slain by Robin

Vault maps used:
D:1:      sevenhm_arrival_forest_fort_small_4, dk_noncrumbling_2
D:2:      nicolae_overflow_crystal_walls, uniq_robin, uniq_natasha

Skill      XL: |  1  2  3  4 |
---------------+-------------+-----
Maces & Flails | 3 |  3.8
Fighting       | 4 |  4.1
Armour         | 4 |  4.0
Shields        | |  3.2

Action                   |  1- 3 |  4- 6 || total
-------------------------+-------+-------++-------
Melee: Flail             |   113 |    55 ||   168
  Eat: Chunk             |       |     1 ||     1
Armor: Scale mail        |    65 |    53 ||   118
Dodge: Dodged            |    34 |    37 ||    71
Block: Shield            |    64 |    54 ||   118
